 Dungeon Crawl Stone Soup version 0.27.1-34-g3ba077fa99 (webtiles) character file.

Game seed: 7394433803176343532

64 MisterFreud the Scratcher (level 3, -2/17 HPs)
             Began as a Felid Berserker on Jan 1, 2022.
             Was a Believer of Trog.
             Slain by a worm (6 damage)
             ... on level 3 of the Dungeon.
             The game lasted 00:03:29 (3750 turns).

MisterFreud the Scratcher (Felid Berserker)         Turns: 3750, Time: 00:03:30

Health: -2/17      AC:  1    Str: 13    XL:     3   Next: 91%
Magic:  4/4        EV: 18    Int:  8    God:    Trog [**....]
Gold:   5          SH:  0    Dex: 16    Spells: 2/2 levels left
                                        Lives:  0   Deaths: 1

rFire    . . .     SeeInvis +     - Unarmed
rCold    . . .     Faith    .   (shield unavailable)
rNeg     . . .     Spirit   .   (armour unavailable)
rPois    .         Reflect  .   (helmet unavailable)
rElec    .         Harm     .   (cloak unavailable)
rCorr    +         Rampage  .   (gloves unavailable)
Will     .....                  (boots unavailable)
Stlth    +++.......             (no amulet)
HPRegen  0.05/turn              j - ring of resist corrosion
MPRegen  0.09/turn              (no ring)

@: quick
A: very small, claws 1, fangs 3, see invisible, speed 1, shaggy fur 1, stealthy
paws, no weapons or thrown items, no armour, multi-lived
a: Renounce Religion, Berserk, Trog's Hand


You were on level 3 of the Dungeon.
You worshipped Trog.
Trog was pleased with you.
You visited 1 branch of the dungeon, and saw 3 of its levels.

You collected 96 gold pieces.
You spent 91 gold pieces at shops.

Inventory:

Jewellery
 j - a ring of resist corrosion (left paw)
Wands
 k - a wand of digging (5)
Scrolls
 a - a scroll of fog
 b - a scroll of fear
 f - a scroll of teleportation
Potions
 d - 2 potions of curing
 g - 2 potions of mutation
 h - 2 potions of flight {unknown}
 m - a potion of heal wounds {unknown}


   Skills:
 - Level 3.0 Fighting
 - Level 4.0 Dodging
 * Level 4.0 Stealth
 + Level 4.7 Unarmed Combat


You had 2 spell levels left.
You didn't know any spells.
Your spell library was empty.

Dungeon Overview and Level Annotations

Branches:
Dungeon (3/15)

Altars:

Shops:
D:3 *


Innate Abilities, Weirdness & Mutations

You have sharp claws.
You have razor-sharp teeth.
You have supernaturally acute eyesight. (SInv)
You cover ground quickly. (Speed+)
You are covered in fur. (AC +1)
Your paws help you pounce on unaware monsters.
You are incapable of wielding weapons or throwing items.
You cannot wear armour.
You gain extra lives every three experience levels.


Message History

An orc comes into view. It is wielding a +0 hand axe.
You barely miss the orc.
The orc shouts!
The orc completely misses you.
You scratch the orc. Your bite misses the orc.
The orc is severely wounded.
The orc hits you with a +0 whip.
The goblin shouts!
You scratch the orc. You bite the orc, but do no damage.
The orc is almost dead.
The orc misses you. The orc hits you with a +0 hand axe. The orc misses you.
You claw the orc!
You kill the orc!
Trog accepts your kill. The goblin barely misses you.
The orc closely misses you.
You see here a +0 whip.
You scratch the orc.
The orc is moderately wounded.
The goblin completely misses you. The orc hits you with a +0 hand axe.
You barely miss the orc. You bite the orc.
The orc is severely wounded.
The goblin barely misses you. The orc hits you with a +0 hand axe.
You barely miss the orc. You bite the orc, but do no damage.
The orc is severely wounded.
The goblin hits you with a +0 dagger. The orc barely misses you.
You are too injured to fight recklessly!
You scratch the orc. You bite the orc.
You kill the orc!
Trog accepts your kill. The goblin closely misses you.
You are too injured to fight recklessly!
The goblin closely misses you. The worm bites you.
* * * LOW HITPOINT WARNING * * *
You see here a +0 hand axe.
You scratch the goblin.
The goblin is moderately wounded.
The goblin misses you.
You closely miss the goblin. The worm bites you.
You die...

.# ..# # ..# ### ###.### ####..#
#.. ..../..#######.##..# #.# #.#
#..w@).........####.# ###.#
##.....g####........##.# #....
.##.#.....###.#...##.##.#
#.#.##.##.##.#.#........#......
#............#....#<..###......
###.#.......####........###....##
...#.##..#.# #......#..........
#.#.....#.# ##....######..#.##
#.<.....#.# #...## #..#.##


You could see a worm and a goblin.

Vanquished Creatures
  Robin (D:3)
  A gnoll (D:1)
  2 adders (D:2)
  3 worms (D:2)
  3 orcs (D:3)
  5 ball pythons
  8 endoplasms
  7 giant cockroaches
  12 goblins
  9 hobgoblins
  6 kobolds
  A quokka (D:1)
  5 bats
  A frilled lizard (D:1)
  2 rats
66 creatures vanquished.

Notes
Turn   | Place    | Note
-------+----------+-------------------------------------------
     0 | D:1      | MisterFreud the Felid Berserker began the quest for the
                  | Orb.
     0 | D:1      | Reached XP level 1. HP: 10/10 MP: 2/2
   112 | D:1      | Reached skill level 1 in Stealth
   112 | D:1      | Reached XP level 2. HP: 7/14 MP: 3/3
   550 | D:1      | Found a faded altar of an unknown god.
   779 | D:1      | Reached XP level 3. HP: 3/17 MP: 4/4
  1800 | D:2      | Reached ** piety under Trog
  1801 | D:2      | Reached XP level 4. HP: 13/21 MP: 5/5
  3280 | D:3      | Noticed Robin
  3587 | D:3      | Killed Robin
  3608 | D:3      | HP: 1/21 [goblin[Robin] (3)]
  3610 | D:2      | Slain by a goblin
  3611 | D:2      | Reached XP level 3. HP: 0/17 MP: 4/4
  3703 | D:3      | Found Kudeqod's Assorted Antiques.
  3708 | D:3      | Bought a scroll labelled IMOUNE NIOCW for 19 gold pieces
  3708 | D:3      | Bought a scroll labelled ZIRIRPH ISKAL for 19 gold pieces
  3708 | D:3      | Bought a bubbling orange potion for 17 gold pieces
  3708 | D:3      | Bought a glowing coppery potion for 17 gold pieces
  3708 | D:3      | Bought a scroll labelled DEAPOSO YLLE for 19 gold pieces
  3750 | D:3      | Slain by a worm

Illustrated notes

Levels and vault maps discovered:
D:1:      tarquinn_simple_flora_water_e, layout_loops_ring,
          dreamdust_ecumenical_altar_statues, serial_glass, glass_columns_b,
          glass_columns_a, chequers_decorated_corner, nrook_campfire,
          hangedman_decor_peaks_small, hangedman_decor_growths, minivault_23,
          chequers_serial_rivers_micro_d, serial_park_tiny_1
D:2:      layout_basic, minmay_misc_feat_roman
D:3:      layout_loops_cross, serial_shops, shop, uniq_robin, uniq_grinder

Skill      XL: |  1  2  3 |
---------------+----------+-----
Stealth        | 1 2 4 |  4.0
Unarmed Combat | 4 |  4.7
Fighting       | |  3.0
Dodging        | |  4.0

Action                   |  1- 3 |  4- 6 || total
-------------------------+-------+-------++-------
Melee: Unarmed           |    98 |    73 ||   171
       Punch             |     3 |     1 ||     4
       Bite              |     9 |     5 ||    14
Invok: Berserk           |     2 |     4 ||     6
  Use: Scroll            |     8 |       ||     8
 Stab: Sleeping          |     6 |     3 ||     9
Armor: Skin              |     6 |       ||     6
Dodge: Dodged            |    74 |    62 ||   136
